 Dungeon Crawl Stone Soup version 0.24.1-4-ge52af88ad5 (webtiles) character file.

Game seed: 12243247091817842187, levelgen mode: deterministic

39 Tardor the Conjurer (level 3, 0/19 HPs)
             Began as a Deep Elf Conjurer on Apr 21, 2020.
             Slain by a goblin (2 damage)
             ... on level 2 of the Dungeon.
             The game lasted 00:28:36 (1180 turns).

Tardor the Conjurer (Deep Elf Conjurer)             Turns: 1180, Time: 00:28:36

Health: 0/19       AC:  6    Str:  5    XL:     3   Next: 28%
Magic:  0/9        EV:  6    Int: 20    God:
Gold:   37         SH:  0    Dex: 15    Spells: 5/8 levels left

rFire    . . .     SeeInvis .   o - +2 spear (distort)
rCold    . . .     Gourm    .   (no shield)
rNeg     . . .     Faith    .   y - +0 scale mail
rPois    .         Spirit   .   (no helmet)
rElec    .         Reflect  .   (no cloak)
rCorr    .         Harm     .   (no gloves)
MR       .....                  (no boots)
Stlth    +.........             (no amulet)
HPRegen  0.06/turn              h - ring of flight
MPRegen  0.11/turn              (no ring)

@: lethally poisoned (0 -> -5), very slightly contaminated
A: no striking features
a: Evoke Flight


You were on level 2 of the Dungeon.
You were not hungry.

You visited 1 branch of the dungeon, and saw 2 of its levels.

You collected 37 gold pieces.

Inventory:

Hand Weapons
 b - a +0 spear
 f - a +0 dagger
 n - a +0 club
 o - a +2 spear of distortion (weapon)
 p - a +0 club
 s - a +0 dagger
 u - a +0 club
 v - a +0 hand axe
 w - a +0 whip
Missiles
 g - 20 stones (quivered)
 k - 29 arrows
 l - 12 poisoned darts
Armour
 a - a +0 robe
 d - a +0 robe
 i - a +0 robe
 r - a +0 ring mail
 t - a +0 robe
 y - a +0 scale mail (worn)
Jewellery
 h - a ring of flight (left hand)
Scrolls
 m - a scroll of enchant weapon {unknown}
 q - a scroll of enchant armour {unknown}
 x - a scroll of remove curse {unknown}
Potions
 e - a potion of curing {unknown}
 j - a potion of flight {unknown}
 z - a potion of resistance {unknown}
Comestibles
 c - 4 rations


   Skills:
 + Level 0.2 Armour
 + Level 2.6 Dodging
 + Level 2.7 Stealth
 + Level 3.3 Spellcasting
 + Level 5.3 Conjurations


You had 5 spell levels left.
You knew the following spells:

 Your Spells              Type           Power        Failure   Level  Hunger
a - Magic Dart            Conj           ###.         36%         1    None
b - Searing Ray           Conj           ###...       52%         2    ##.....

Your spell library contained the following spells:

 Spells                   Type           Power        Failure   Level  Hunger
 Dazzling Spray           Conj/Hex       ##....       98%         3    ###....
 Iskenderun's Mystic Bla  Conj           ###.....     98%         4    ####...
 Force Lance              Conj/Tloc      ##......     100%        4    ####...
 Fulminant Prism          Conj/Hex       ##........   100%        4    ####...


Dungeon Overview and Level Annotations

Branches:
Dungeon (2/15)

Altars:


Message History

Press: ? - help, Shift-Dir - straight line, f/p - adder
Aim: an adder (almost dead)
You miscast Magic Dart.
Strange energies run through your body.
The adder hisses angrily.
The adder bites you.
You are poisoned.
The adder poisons you! The goblin hits you but does no damage.
The leopard gecko barely misses you. The adder barely misses you.
Casting: Magic Dart (safe; 38% risk of failure)
Confirm with . or Enter, or press ? or * to list all spells.
Aiming: Magic Dart (safe; 38% risk of failure)
Press: ? - help, Shift-Dir - straight line, f/p - adder
Aim: an adder (almost dead)
The magic dart hits the adder.
You kill the adder!
You feel sick. The goblin barely misses you. The leopard gecko bites you.
* * * LOW HITPOINT WARNING * * *
The leopard gecko hisses menacingly.
The goblin hits you.
You die...

...........##..........#
....#.#.....#..........#
....#....#..#...###+#.##
#.........#...# #.#
#...).........###.#.#
#..<..............#..
#...#..........######
......#.l.........#<#
....#.##g@.#......#.#
......$.............#
.......#...#........#
.......#...#...#....#
..... ....#...#....#
....S#....#...#.##.#
.... ..............#
##...#..............
#............


You could see a leopard gecko and a goblin.

Vanquished Creatures
  An adder (D:2)
  A dart slug (D:1)
  2 leopard geckos (D:1)
  4 bats (D:1)
  A giant cockroach (D:1)
  3 goblins
  4 hobgoblins (D:1)
  3 jackals (D:1)
  A ball python (D:1)
  A frilled lizard (D:2)
  A kobold (D:1)
  4 rats (D:1)
26 creatures vanquished.

Notes
Turn   | Place    | Note
-------+----------+-------------------------------------------
     0 | D:1      | Tardor the Deep Elf Conjurer began the quest for the Orb.
     0 | D:1      | Reached XP level 1. HP: 10/10 MP: 6/6
   386 | D:1      | Reached XP level 2. HP: 6/15 MP: 4/8
   518 | D:1      | Reached skill level 5 in Conjurations
   677 | D:1      | Learned a level 2 spell: Searing Ray
   919 | D:1      | Reached XP level 3. HP: 19/19 MP: 9/9
  1180 | D:2      | Slain by a goblin

Levels and vault maps discovered:
D:1:      lightli_arrival_flooded_house, layout_loops_ring, minmay_liquid_box,
          chequers_jeans, grunt_decor_cap
D:2:      layout_basic, lemuel_round_altar,
          chequers_ecumenical_altar_simple_redux

Skill      XL: |  1  2 |
---------------+-------+-----
Conjurations   | 5 |  5.3
Armour         | |  0.2
Dodging        | |  2.6
Stealth        | |  2.7
Spellcasting   | |  3.3

Action                   || total
-------------------------++-------
Melee: Spear             ||    15
 Cast: Magic Dart        ||    45
 Stab: Sleeping          ||     1
  Eat: Ration            ||     1
Armor: Robe              ||     7
       Ring mail         ||    17
       Scale mail        ||     5
Dodge: Dodged            ||    41
